 Dungeon Crawl Stone Soup version 0.26-a0-639-g72c4674329 (webtiles) character file.

Game seed: 8587342697434368340

66054 MrRokkomies the Thrower (level 14, -18/126 HPs)
             Began as a Demigod Delver on Sept 15, 2020.
             Demolished by Saint Roka
             ... wielding a +0 battleaxe
              (25 damage)
             ... on level 1 of the Orcish Mines.
             The game lasted 00:55:18 (27052 turns).

MrRokkomies the Thrower (Demigod Delver)           Turns: 27052, Time: 00:55:18

Health: -18/126    AC: 23    Str: 19    XL:     14   Next: 38%
Magic:  17/17      EV: 22    Int: 18    God:
Gold:   698        SH:  0    Dex: 19    Spells: 13/13 levels left

rFire    + + +     SeeInvis +   a - +7 great mace "Firestarter" {inner flame, rF++}
rCold    + . .     Faith    .   (shield currently unavailable)
rNeg     . . .     Spirit   .   U - +6 scale mail "Havekau" {rF+ Dex+4 SInv}
rPois    .         Reflect  .   n - +2 hat
rElec    .         Harm     .   w - +0 cloak
rCorr    .         Rampage  .   O - +2 pair of gloves {archery}
MR       +....     NoCast   +   m - +2 pair of boots of Viaplo {-Cast Dex-2 Slay+5 Stlth+}
Stlth    +++.......             (no amulet)
HPRegen  0.31/turn              D - +4 ring of evasion
MPRegen  0.15/turn              K - ring of protection from cold

@: no status effects
A: high mp 1
a: no special abilities


You were on level 1 of the Orcish Mines.
You visited 3 branches of the dungeon, and saw 19 of its levels.
You also visited: Sewer and Ice Cave.

You collected 1652 gold pieces.
You spent 954 gold pieces at shops.

Inventory:

Hand Weapons
 a - the +7 great mace "Firestarter" (weapon) {inner flame, rF++}
   (You bought it in a shop on level 6 of the Dungeon)

   It has been specially enchanted to burn those struck by it, causing extra
   injury to most foes and up to half again as much damage against particularly
   susceptible opponents.
   It greatly protects you from fire.
 b - a +5 vampiric double sword
 y - a +4 scimitar of flaming
 J - a +3 short sword of electrocution
Missiles
 j - 17 javelins
 k - 48 poisoned darts
 t - 3 atropa-tipped darts
 B - 23 boomerangs (quivered)
 S - 2 curare-tipped darts
Armour
 m - the +2 pair of boots of Viaplo (worn) {-Cast Dex-2 Slay+5 Stlth+}
   (You found it on level 11 of the Dungeon)

   It affects your dexterity (-2).
   It affects your accuracy and damage with ranged weapons and melee attacks
   (+5).
   It prevents spellcasting.
   It makes you more stealthy.
 n - a +2 hat (worn)
 q - a +2 pair of gloves
 w - a +0 cloak (worn)
 O - a +2 pair of gloves of archery (worn)
 T - a +2 pair of boots
 U - the +6 scale mail "Havekau" (worn) {rF+ Dex+4 SInv}
   (You found it on level 6 of the Lair of Beasts)

   It affects your dexterity (+4).
   It protects you from fire.
   It lets you see invisible.
Jewellery
 l - an uncursed ring of stealth
 D - a +4 ring of evasion (left hand)
 E - an uncursed ring of positive energy
 G - an uncursed ring of magical power
 K - a ring of protection from cold (right hand)
 Q - a +6 ring of dexterity
 V - the ring of the Camelopard {rF+ MP+9 Str-4 Int-4 Dex+6}
   (You found it on level 6 of the Lair of Beasts)

   [ring of magical power]

   It affects your strength (-4).
   It affects your intelligence (-4).
   It affects your dexterity (+6).
   It protects you from fire.
   It affects your magic capacity (+9).
Wands
 e - a wand of acid (15)
 g - a wand of digging (13)
 i - a wand of random effects (40)
 r - a wand of paralysis (18)
 s - a wand of iceblast (17)
 C - a wand of flame (13)
Scrolls
 c - 2 scrolls of fog
 d - 8 scrolls of teleportation
 p - 2 scrolls of immolation
 z - 6 scrolls of remove curse
 A - a scroll of magic mapping
 H - 15 scrolls of identify
 L - a scroll of enchant armour
 P - 2 scrolls of amnesia
Potions
 o - a potion of berserk rage {unknown}
 u - 2 potions of lignification
 v - 2 potions of might
 x - 2 potions of flight
 F - 3 potions of brilliance {unknown}
 I - 2 potions of mutation {unknown}
 M - 2 potions of stabbing
Miscellaneous
 N - a tin of tremorstones (3/3)


   Skills:
 - Level 12.0 Fighting
 - Level 5.9 Long Blades
 * Level 8.8 Maces & Flails
 * Level 13.3 Throwing
 - Level 5.0 Armour
 - Level 12.0 Dodging
 - Level 4.5 Stealth


You had 13 spell levels left.
You didn't know any spells.
Your spell library contained the following spells:

 Spells                   Type           Power        Failure   Level
 Corona                   Hex            #......      52%         1
 Magic Dart               Conj           #...         52%         1
 Shock                    Conj/Air       #...         52%         1
 Sting                    Tmut/Pois      #...         52%         1
 Ensorcelled Hibernation  Hex/Ice        #.....       67%         2
 Poisonous Vapours        Pois/Air       #.....       67%         2
 Searing Ray              Conj           #.....       67%         2
 Swiftness                Air            #.......     67%         2
 Confusing Touch          Hex            #.......     88%         3
 Dazzling Flash           Conj/Hex       #.....       88%         3
 Ignite Poison            Fire/Tmut/Pois #.......     88%         3
 Mephitic Cloud           Conj/Pois/Air  #.......     88%         3
 Static Discharge         Conj/Air       #.......     88%         3
 Tukima's Dance           Hex            #.......     88%         3
 Airstrike                Air            #.........   99%         4
 Fulminant Prism          Conj/Hex       #.........   99%         4
 Iskenderun's Mystic Bla  Conj/Tloc      #.......     99%         4
 Olgreb's Toxic Radiance  Pois           #.......     99%         4
 Lightning Bolt           Conj/Air       #.........   100%        5


Dungeon Overview and Level Annotations

Branches:
Dungeon (11/15)            Temple (0/1) D:7            Lair (6/6) D:11
  Swamp (0/4) Lair:2        Snake (0/4) Lair:4        Slime (0/5) Lair:6
    Orc (2/2) D:10          Sewer (visited)           IceCv (visited)
    Elf: Orc:2

Shops:
D:6 (([?   Orc:2 ([

Annotations:
D:4 Grinder, Menkaure
D:10 exclusion: obsidian statue
Lair:4 1 runed translucent door, Gottschkopf's ghost, journeyman OgBe
Orc:1 2 transporters, Saint Roka; nojaa's ghost, journeyman FoAK


Innate Abilities, Weirdness & Mutations

You have an increased reservoir of magic. (+10% MP)


Message History

Beogh smites you!
* * * LOW HITPOINT WARNING * * *
You feel better.
Flame seeps out of Saint Roka.
Saint Roka says, "In the orcish mines, orcs kill the likes of YOU!"
Saint Roka calls down the wrath of Beogh upon you.
Beogh smites you!
* * * LOW HITPOINT WARNING * * *
Unknown command.
You sock Saint Roka!
Flame seeps out of Saint Roka.
You burn Saint Roka.
Flame seeps out of Saint Roka.
Saint Roka is almost dead.
Nojaa's ghost whispers, "Meet the emptiness of death!"
Saint Roka is engulfed in blazing flames.
Flame seeps out of Saint Roka.
Saint Roka barely misses you.
You sock Saint Roka!
Flame seeps out of Saint Roka.
Saint Roka is almost dead.
Saint Roka is engulfed in blazing flames.
Flame seeps out of Saint Roka.
Saint Roka hits you with a +0 battleaxe!!
You die...

.#...# #...#......#.## )...##
#.........#...#### .)..#
####......[.)#.##..######
)..####.##..#...[<.[......#.#.##
....##.........#.))#...........#
....###.##....................##
....##.##.#............._.....#
..............................##
#......##.##...[@..............#
####....####..[>o.............##
.# ###..## #.[[(............###
.# #....# #..†##............# .#
###..#####..#...#...#....#####
.###.#..##.#............©.©.....#
###.....)..........##############
# #............#.#.#WOO$$WOO...##
##..............##OO##.O.##..#


You could see Saint Roka (inner flame, very poisoned), 2 two-headed ogres and
nojaa's ghost.

Vanquished Creatures
  Gastronok (D:10)
  An orc warlord (Orc:2)
  Erolcha (Orc:2)
  2 ice dragons
  Josephine (Lair:5)
  7 hydras
  3 catoblepae (Lair:6)
  Erica (D:9)
  3 two-headed ogres
  9 death yaks
  5 orc high priests (Orc:2)
  Urug (D:10)
  An unseen horror (D:11)
  Pikel (D:9)
  3 orc knights (Orc:2)
  2 orc sorcerers (Orc:1)
  An ugly thing (D:11)
  2 manticores (Lair:6)
  4 elephants (Lair:6)
  9 black mambas
  6 cane toads
  Maggie (D:7)
  6 komodo dragons
  8 rime drakes
  4 ice devils
  Prince Ribbit (D:9)
  A slime creature (Lair:6)
  3 trolls
  A tyrant leech (Lair:2)
  6 blink frogs (Lair:6)
  6 hippogriffs
  4 wyverns
  3 wraiths (Lair:5)
  66 yaks
  Grum (D:9)
  3 basilisks
  4 wargs (Orc:2)
  2 nagas (Lair:4)
  6 water moccasins
  7 porcupines
  22 orc warriors
  6 ice beasts
  A phantom (D:7)
  A black bear (D:10)
  A necrophage (D:8)
  7 ogres
  5 centaurs
  6 wolves
  17 crocodiles
  5 big kobolds
  Blork the orc (D:6)
  16 bullfrogs
  A gnoll sergeant (D:7)
  A wyvern zombie (D:6)
  A wyvern skeleton (D:9)
  4 scorpions
  10 killer bees
  A troll skeleton (D:8)
  2 wights (D:8)
  4 howler monkeys
  2 electric eels (D:10)
  A crimson imp (D:6)
  3 jellies (Lair:6)
  A quasit (D:11)
  2 centaur zombies
  2 hounds
  2 human zombies (D:8)
  15 orc priests
  18 orc wizards
  4 centaur skeletons
  2 iguanas
  2 human skeletons (D:8)
  6 worker ants
  2 hound zombies
  A worker ant zombie (D:10)
  4 mummies (D:8)
  7 adders
  7 gnolls
  A howler monkey skeleton (D:8)
  2 river rats
  3 shadow imps
  4 white imps
  2 ufetubi
  5 oozes
  5 worms
  2 dart slugs
  2 leopard geckos
  68 orcs
  7 ball pythons
  5 giant cockroaches
  11 goblins
  10 hobgoblins
  7 jackals
  A quokka (D:11)
  12 bats
  5 frilled lizards
  A jackal skeleton (D:5)
  A jackal zombie (D:6)
  22 kobolds
  12 rats
578 creatures vanquished.

Vanquished Creatures (collateral kills)
  A white imp (D:8)
1 creature vanquished.

Vanquished Creatures (others)
  73 fungi
  70 plants
143 creatures vanquished.

Grand Total: 722 creatures vanquished

Notes
Turn   | Place    | Note
-------+----------+-------------------------------------------
     0 | D:5      | MrRokkomies the Demigod Delver began the quest for the Orb.
     0 | D:5      | Reached XP level 1. HP: 18/18 MP: 3/3
   122 | D:5      | Reached XP level 2. HP: 19/26 MP: 4/4
   366 | D:4      | Found a white marble altar of Elyvilon.
   366 | D:4      | Noticed an ogre
   366 | D:4      | Noticed an ogre
   366 | D:4      | Noticed an ogre
   468 | D:3      | Found a sparkling altar of Nemelex Xobeh.
   468 | D:3      | Found an iron altar of Okawaru.
   600 | D:3      | Found a glowing drain.
   626 | D:3      | Reached XP level 3. HP: 6/31 MP: 5/5
   636 | Sewer    | Entered a sewer
   905 | Sewer    | Noticed a big kobold
   913 | Sewer    | Killed a big kobold
   913 | Sewer    | Reached XP level 4. HP: 40/40 MP: 6/6
   977 | Sewer    | Noticed a big kobold
   984 | Sewer    | Killed a big kobold
   984 | Sewer    | Reached XP level 5. HP: 46/46 MP: 7/7
  1871 | D:3      | Reached XP level 6. HP: 39/53 MP: 8/8
  2700 | D:2      | Found a shimmering altar of Xom.
  4204 | D:4      | Noticed Grinder
  4520 | D:4      | Reached skill level 5 in Fighting
  4520 | D:4      | Reached skill level 1 in Throwing
  4528 | D:4      | HP: 2/56 [ogre/+0 giant club (27)]
  4533 | D:4      | HP: 2/56 [ogre/+0 giant club (7)]
  4535 | D:4      | Reached XP level 7. HP: 3/61 MP: 9/9
  5704 | D:5      | Reached skill level 5 in Long Blades
  5803 | D:4      | Noticed Menkaure
  5851 | D:6      | Found Warel's Magic Scroll Shop.
  5899 | D:6      | HP: 2/61 [orc warrior/+0 glaive (6)]
  5902 | D:6      | Reached skill level 2 in Throwing
  6340 | D:6      | Found Gisat's Antique Armour Shop.
  6369 | D:6      | Reached XP level 8. HP: 70/70 MP: 10/10
  6399 | D:6      | Found Yzaadur's Weapon Emporium.
  6401 | D:6      | Noticed Blork the orc
  6422 | D:6      | Killed Blork the orc
  6531 | D:6      | Bought a masterwork scale mail for 171 gold pieces
  6541 | D:6      | Identified the +2 scale mail of Loss {rElec} (You bought it
                  | in a shop on level 6 of the Dungeon)
  6668 | D:6      | Found Pieleer's Weapon Boutique.
  6706 | D:6      | Noticed a hippogriff
  6738 | D:6      | Killed a hippogriff
  6738 | D:6      | Reached skill level 3 in Throwing
  7006 | D:6      | Reached skill level 5 in Dodging
  7423 | D:7      | Found a staircase to the Ecumenical Temple.
  7454 | D:7      | Noticed Maggie
  7489 | D:7      | Killed Maggie
  7489 | D:7      | Reached skill level 4 in Throwing
  7489 | D:7      | Reached XP level 9. HP: 28/80 MP: 11/11
  7752 | D:7      | Found a bloodstained altar of Trog.
  8897 | D:8      | Noticed a two-headed ogre
  8908 | D:8      | Killed a two-headed ogre
  8908 | D:8      | Reached skill level 5 in Throwing
  9148 | D:8      | Noticed a two-headed ogre
  9155 | D:8      | Killed a two-headed ogre
  9617 | D:8      | Found an ancient bone altar of Kikubaaqudgha.
  9666 | D:8      | Reached XP level 10. HP: 83/90 MP: 13/13
 10309 | D:8      | Reached skill level 6 in Throwing
 10432 | D:9      | Noticed Prince Ribbit
 10452 | D:9      | Killed Prince Ribbit
 10452 | D:9      | Reached skill level 10 in Fighting
 10803 | D:9      | Found a shadowy altar of Dithmenos.
 10806 | D:9      | Found a bloodstained altar of Trog.
 10807 | D:9      | Found a hazy altar of Hepliaklqana.
 10877 | D:9      | Reached skill level 1 in Armour
 11262 | D:9      | Noticed Pikel
 11284 | D:9      | Killed Pikel
 11384 | D:9      | Noticed Grum
 11401 | D:9      | Reached skill level 7 in Throwing
 11415 | D:9      | Killed Grum
 11632 | D:9      | Noticed Erica
 11637 | D:9      | Killed Erica
 11889 | D:10     | Entered Level 10 of the Dungeon
 12178 | D:10     | Noticed an obsidian statue
 12194 | D:10     | Found a staircase to the Orcish Mines.
 12243 | D:10     | Reached XP level 11. HP: 97/99 MP: 14/14
 12442 | D:10     | Noticed Gastronok
 12480 | D:10     | Killed Gastronok
 12480 | D:10     | Reached skill level 8 in Throwing
 12792 | D:10     | Noticed Urug
 12982 | D:11     | Killed an unseen horror
 13164 | D:11     | Reached skill level 9 in Throwing
 13407 | D:11     | Found a frozen archway.
 13480 | IceCv    | Entered an ice cave
 13935 | IceCv    | HP: 1/100 [ice devil (8)]
 14533 | D:11     | Found a staircase to the Lair.
 14788 | D:11     | Reached skill level 10 in Dodging
 15206 | D:11     | Got a pair of spiked boots
 15212 | D:11     | Identified the +2 pair of boots of Viaplo {-Cast Dex-2
                  | Slay+5 Stlth+} (You found it on level 11 of the Dungeon)
 15715 | D:10     | Killed Urug
 16183 | Orc:1    | Entered Level 1 of the Orcish Mines
 16183 | Orc:1    | Found a radiant altar of Vehumet.
 16261 | Orc:1    | Reached skill level 5 in Armour
 16296 | Orc:1    | Found a transporter.
 16311 | Orc:1    | Noticed a two-headed ogre
 16311 | Orc:1    | Noticed nojaa's ghost (journeyman FoAK)
 16311 | Orc:1    | Identified the +12 great mace "Faah" {freeze, rF- MR++
                  | Int+2 Stlth+}
 16311 | Orc:1    | Identified the cursed +0 dire flail "Dragonslayer"
                  | {protect, rElec rC++ Int+4 Dex-3}
 16311 | Orc:1    | Noticed a two-headed ogre
 16311 | Orc:1    | Noticed a two-headed ogre
 16311 | Orc:1    | Noticed a two-headed ogre
 16315 | Orc:1    | Noticed a two-headed ogre
 16316 | Orc:1    | Found a transporter.
 16396 | Orc:1    | Noticed a two-headed ogre
 16406 | Orc:1    | Killed a two-headed ogre
 16406 | Orc:1    | Reached XP level 12. HP: 77/106 MP: 15/15
 16566 | Orc:2    | Entered Level 2 of the Orcish Mines
 16566 | Orc:2    | Found Foalesy's Antique Weapon Emporium.
 16566 | Orc:2    | Noticed an orc warlord
 16663 | Lair:1   | Entered Level 1 of the Lair of Beasts
 16680 | Lair:1   | Noticed a five-headed hydra
 16700 | Lair:1   | Killed a five-headed hydra
 16700 | Lair:1   | Reached skill level 10 in Throwing
 16888 | Lair:1   | Noticed a four-headed hydra
 16901 | Lair:1   | Killed a four-headed hydra
 18156 | D:6      | Bought the +7 great mace "Firestarter" {inner flame, rF++}
                  | for 783 gold pieces
 18156 | D:6      | Found the +7 great mace "Firestarter" {inner flame, rF++}
 18321 | Lair:2   | Noticed a five-headed hydra
 18328 | Lair:2   | Killed a five-headed hydra
 18328 | Lair:2   | Reached skill level 1 in Maces & Flails
 18729 | Lair:2   | Found a staircase to the Swamp.
 19584 | Lair:3   | Noticed an ice dragon
 19607 | Lair:3   | Killed an ice dragon
 19607 | Lair:3   | Reached skill level 11 in Throwing
 20518 | Lair:4   | Found a staircase to the Snake Pit.
 20834 | Lair:4   | Found a runed translucent door.
 20838 | Lair:4   | Noticed Gottschkopf's ghost (journeyman OgBe)
 21335 | Lair:5   | Noticed a six-headed hydra
 21422 | Lair:5   | Noticed Josephine
 21562 | Lair:5   | Reached XP level 13. HP: 76/116 MP: 16/16
 22356 | Lair:5   | Reached skill level 5 in Maces & Flails
 23111 | Lair:6   | Entered Level 6 of the Lair of Beasts
 23510 | Lair:6   | Reached skill level 12 in Throwing
 23558 | Lair:6   | Got a dazzling scale mail
 23704 | Lair:6   | Identified the +6 scale mail "Havekau" {rF+ Dex+4 SInv}
                  | (You found it on level 6 of the Lair of Beasts)
 24204 | Lair:6   | Got a scorched turquoise ring
 24206 | Lair:6   | Identified the ring of the Camelopard {rF+ MP+9 Str-4 Int-4
                  | Dex+6} (You found it on level 6 of the Lair of Beasts)
 24517 | Lair:6   | Reached XP level 14. HP: 97/125 MP: 17/17
 24845 | Lair:6   | Found a staircase to the Slime Pits.
 25115 | Lair:5   | Killed Josephine
 25303 | Orc:2    | Killed an orc warlord
 25303 | Orc:2    | Reached skill level 13 in Throwing
 25790 | Orc:2    | Noticed Erolcha
 25799 | Orc:2    | Killed Erolcha
 25832 | Orc:2    | Found Boyrch's Antique Armour Boutique.
 25833 | Orc:2    | Paralysed by an orc sorcerer for 7 turns
 26183 | Orc:2    | Noticed Saint Roka
 27050 | Orc:1    | HP: 6/126 [Saint Roka/divine providence (10)]
 27052 | Orc:1    | Demolished by Saint Roka

Illustrated notes

Levels and vault maps discovered:
D:1:      lightli_arrival_flooded_house, layout_basic, minmay_tree_intersection,
          fountainhead
D:2:      layout_rooms, old_standard_altar
D:3:      layout_loops_ring, gammafunk_temple_overflow_wave,
          cheibrodos_sewer_entry_sluice, item_on_display_a
D:4:      minmay_chambers_of_fours, layout_rooms, minmay_misc_feat_tower,
          serial_bayou_pond_d, minmay_ruined_shrine, uniq_menkaure, uniq_grinder
D:5:      layout_basic, minivault_5
D:6:      layout_rooms, serial_shops, nicolae_shop_waterfront, shop_scrolls,
          shop, nicolae_shop_temple_entry_statues_fountains,
          minmay_fire_ice_demons, uniq_blork_the_orc
D:7:      layout_loops_corners, hangedman_decor_clover_reticule,
          nrook_mini_vaults, trog_hazing_becter, uniq_maggie
D:8:      minmay_bubble_buster, layout_cave_pools,
          lemuel_mausoleum_altar_kikubaaqudgha
D:9:      minmay_chambers_of_sevens, layout_cave_pools,
          chequers_temple_overflow_statue_of_worship, uniq_erica, uniq_pikel,
          uniq_prince_ribbit1, uniq_grum
D:10:     layout_basic, david_orc_2, st_stairs_10, serial_bayou_ford_a,
          minivault_16, uniq_urug, uniq_gastronok
D:11:     layout_loops_ring, grunt_lair_entry_orc_guard_hut,
          portal_ice_cave_demonic_guard, minmay_holes
Lair:1:   layout_small_grid, serial_bayou_pond_c, grunt_megastairs_5
Lair:2:   layout_misc_corridors, minmay_swamp_entry_worms
Lair:3:   dragon1_lemuel, layout_small_grid, chequers_serial_rivers_micro_c,
          eino_small_chamber_without_monster
Lair:4:   layout_roguey, guppyfry_snake_entry_island,
          ebering_ghost_reflecting_pool
Lair:5:   layout_gridlike, bh_autumn_forest_stairs, bobbens_ice_dragon_lair,
          uniq_josephine
Lair:6:   evilmike_catoblepas_cave, layout_regular_city,
          minmay_slime_entry_pillars, st_stairs_5, lemuel_fruit_tree,
          infiniplex_staircase_pool_2
Orc:1:    layout_caves, gammafunk_ghost_smash, basic_altar, serial_shops,
          nicolae_shop_crystal, nicolae_orc_crystal_geode
Orc:2:    grunt_orc_gardens, layout_diamond_mine, grunt_orc_garden,
          grunt_orc_garden, grunt_orc_garden, grunt_orc_garden, serial_shops,
          shop, uniq_donald, uniq_erolcha, uniq_saint_roka

Skill      XL: |  1  2  3  4  5  6  7  8  9 10 11 12 13 14 |
---------------+-------------------------------------------+-----
Long Blades    | 2 3 4 5 |  5.9
Fighting       | 3 4 5 6 7 9 10 11 12 | 12.0
Dodging        | 2 3 4 5 6 8 10 11 12 | 12.0
Throwing       | 1 2 4 5 7 9 11 12 13 | 13.3
Armour         | 2 5 |  5.0
Maces & Flails | 3 7 8 |  8.8
Stealth        | |  4.5

Action                   |  1- 3 |  4- 6 |  7- 9 | 10-12 | 13-15 || total
-------------------------+-------+-------+-------+-------+-------++-------
Melee: Falchion          |    58 |   292 |   341 |       |       ||   691
       Short sword       |       |       |    92 |   559 |       ||   651
       Double sword      |       |       |       |   157 |    95 ||   252
       Great mace        |       |       |       |    53 |   156 ||   209
Throw: Dart              |       |    11 |   110 |    76 |     4 ||   201
       Javelin           |       |       |    17 |    22 |       ||    39
       Throwing net      |       |       |     1 |     1 |       ||     2
       Boomerang         |       |       |       |    30 |    83 ||   113
Evoke: Wand              |     4 |     3 |       |    11 |     2 ||    20
  Use: Scroll            |     1 |     4 |     7 |    17 |     3 ||    32
       Potion            |       |     1 |     2 |     6 |    10 ||    19
 Stab: Sleeping          |     2 |    17 |     7 |    16 |       ||    42
       Distracted        |       |     1 |     1 |     1 |     1 ||     4
       Held in net/web   |       |       |     1 |     2 |       ||     3
Armor: Leather armour    |    11 |    85 |    38 |       |       ||   134
       Scale mail        |       |       |   135 |   302 |   145 ||   582
Dodge: Dodged            |    34 |   180 |   298 |   613 |   429 ||  1554
       Rpst.: Falchion   |    10 |    55 |    60 |       |       ||   125
       Double sword      |       |       |       |    52 |    33 ||    85

Table legend: (Time is in decaauts)
 A = Elapsed time spent in this place.
 B = Non-inter-level travel time spent in this place.
 C = Inter-level travel time spent in this place.
 D = Time resting spent in this place.
 E = Time spent auto-exploring this place.
 F = Levels seen in this place.
 G = Mean time per level.
                   A        B        C        D        E       F      G
               +--------+--------+--------+--------+--------+-----+--------+
         Total |  27262 |  25827 |   1435 |   4988 |  16046 |  21 | 1298.2 |
       Dungeon |  14593 |  13522 |   1071 |    995 |   9621 |  11 | 1326.6 |
          Lair |   8372 |   8055 |    317 |   1705 |   5220 |   6 | 1395.3 |
  Orcish Mines |   2165 |   2118 |     47 |   1378 |    377 |   2 | 1082.5 |
         Sewer |   1264 |   1264 |      0 |    245 |    726 |   1 | 1264.0 |
      Ice Cave |    867 |    867 |      0 |    664 |    102 |   1 |  867.0 |
               +--------+--------+--------+--------+--------+-----+--------+

Top non-repeatable levels by time:
  Lair:6: 2011 daAuts
    D:11: 1853 daAuts
  Lair:5: 1810 daAuts
    D:10: 1792 daAuts
   Orc:1: 1756 daAuts
     D:7: 1604 daAuts
     D:8: 1572 daAuts
     D:5: 1527 daAuts
     D:9: 1479 daAuts
  Lair:3: 1395 daAuts
     D:6: 1338 daAuts
     D:3: 1276 daAuts
  Lair:1: 1272 daAuts
   Sewer: 1264 daAuts
  Lair:4: 1110 daAuts
